 Dungeon Crawl Stone Soup version 0.30-a0-634-g8abc85282e (webtiles) character file.

Game seed: 14822706345159315377

842 pokeman the Thaumaturge (level 7, -2/40 HPs)
             Began as a Deep Elf Hedge Wizard on Jan 14, 2023.
             Slain by a gnoll sergeant
             ... wielding a +0 trident
              (6 damage)
             ... on level 5 of the Dungeon.
             The game lasted 00:07:41 (5049 turns).

pokeman the Thaumaturge (Deep Elf Hedge Wizard)     Turns: 5049, Time: 00:07:42

Health: -2/40      AC:  3    Str:  7    XL:     7   Next: 67%
Magic:  21/21      EV: 13    Int: 21    God:
Gold:   233        SH:  0    Dex: 14    Spells: 15/23 levels left

rFire   + . .      SeeInvis .    u - +1 spear (venom)
rCold   . . .      Faith    .    (no shield)
rNeg    . . .      Spirit   .    w - +0 robe {rF+}
rPois   .          Reflect  .    c - +0 hat
rElec   .          Harm     .    b - +0 cloak
rCorr   .          Rampage  .    (no gloves)
Will    .....                    (no boots)
Stlth   ++                       (no amulet)
HPRegen 0.26/turn                l - ring of wizardry
MPRegen 0.17/turn                (no ring)

@: no status effects
A: no striking features
a: no special abilities


You were on level 5 of the Dungeon.
You visited 1 branch of the dungeon, and saw 5 of its levels.

You collected 233 gold pieces.

Inventory:

Hand Weapons
 u - a +1 spear of venom (weapon)
Armour
 b - a +0 cloak (worn)
 c - a +0 hat (worn)
 w - a +0 robe of fire resistance (worn)
Jewellery
 l - a ring of wizardry (left hand)
Scrolls
 e - 2 scrolls of magic mapping {unknown}
 g - 2 scrolls of enchant armour {unknown}
 h - a scroll of identify {unknown}
 k - 2 scrolls of teleportation {unknown}
 m - a scroll of fog {unknown}
 s - 2 scrolls of enchant weapon {unknown}
 t - a scroll of brand weapon {unknown}
 v - a scroll of noise {unknown}
Potions
 a - a potion of invisibility {unknown}
 d - a potion of magic
 f - 2 potions of curing {unknown}
 i - a potion of brilliance {unknown}
 j - a potion of flight {unknown}
 n - a potion of berserk rage {unknown}
 o - 4 potions of attraction {unknown}
 p - a potion of cancellation {unknown}
 q - a potion of ambrosia {unknown}
 r - a potion of lignification {unknown}
 x - a potion of mutation {unknown}


   Skills:
 - Level 2.0 Fighting
 + Level 2.1 Armour
 - Level 3.2 Dodging
 - Level 3.0 Stealth
 * Level 8.5 Spellcasting
 + Level 4.2 Conjurations
 + Level 2.3 Summonings
 - Level 1.1 Translocations
 - Level 1.2 Air Magic
 - Level 1.0 Poison Magic


You had 15 spell levels left.
You knew the following spells:

 Your Spells              Type           Power      Damage    Failure   Level
a - Magic Dart            Conj           100%       1d8       1%          1
b - Mephitic Cloud        Conj/Pois/Air  18%        N/A       4%          3
c - Call Imp              Summ           18%        N/A       1%          2
d - Blink                 Tloc           26%        N/A       3%          2

Your spell library contained the following spells:

 Spells                   Type           Power      Damage    Failure   Level
 Slow                     Hex            32%        N/A       3%          1
 Cigotuvi's Dreadful Rot  Necr/Pois/Air  24%        N/A       3%          2


Dungeon Overview and Level Annotations

Branches:
Dungeon (5/15)             Temple (0/1) D:5

Altars:
Fedhas
Qazlal

Shops:
D:2 *

Annotations:
D:1 Dig for gold


Message History

The gnoll sergeant is lightly wounded.
The gnoll closely misses you.
The gnoll hits you from afar with a +0 halberd!
The gnoll sergeant hits you from afar with a +0 trident.
Reach: u) +1 spear (venom)
Press: ? - help, Dir - move target, f - gnoll, p - gnoll sergeant
Aim: a gnoll, wielding a +0 halberd and quivering a throwing net (fire blocked by a granite statue, about 34% to evade your +1 spear of venom)
You reach to attack!
You hit the gnoll.
The gnoll is poisoned.
The gnoll is lightly wounded.
The gnoll barely misses you. The gnoll completely misses you.
The gnoll sergeant barely misses you.
Reach: u) +1 spear (venom)
Press: ? - help, Dir - move target, f - gnoll, p - gnoll
Aim: a gnoll, wielding a +0 spear (fire blocked by a granite statue, about 34% to evade your +1 spear of venom)
You reach to attack!
You hit the gnoll.
The gnoll is poisoned.
The gnoll is moderately wounded.
The gnoll barely misses you.
The gnoll sergeant hits you from afar with a +0 trident.
The gnoll barely misses you.
Reach: u) +1 spear (venom)
Press: ? - help, Dir - move target, f - gnoll sergeant, p - gnoll
Aim: a gnoll sergeant, wielding a +0 trident and wearing a +0 ring mail (moderately wounded, very poisoned, fire blocked by a granite statue, about 30% to evade your +1 spear of venom)
You reach to attack!
You hit the gnoll sergeant.
The gnoll sergeant looks as sick as possible!
The gnoll sergeant is heavily wounded.
The gnoll barely misses you. The gnoll sergeant barely misses you.
The gnoll barely misses you.
Reach: u) +1 spear (venom)
Press: ? - help, Dir - move target, f - gnoll, p - gnoll sergeant
Aim: a gnoll, wielding a +0 halberd and quivering a throwing net (heavily wounded, very poisoned, fire blocked by a granite statue, about 34% to evade your +1 spear of venom)
You reach to attack!
You closely miss the gnoll.
The gnoll is heavily wounded.
The gnoll hits you from afar with a +0 spear!
The gnoll sergeant hits you from afar with a +0 trident!
* * * LOW HITPOINT WARNING * * *
The gnoll barely misses you.
The gnoll hits you from afar with a +0 halberd.
* * * LOW HITPOINT WARNING * * *
The gnoll sergeant hits you from afar with a +0 trident.
You die...

................##
.................#
...##......†.....#
### ###..........#
#.....####.#
#.....# #.#
#.....# #.#
#.....# #.#
#.##### #@# #.
#888#


..8ggg8 ....8.gg8. ....8..g8## ....#8.8## ######.## .. You could see a gnoll
sergeant (extremely poisoned) and 5 gnolls.

Vanquished Creatures
  Menkaure (D:4)
  Duvessa (D:5)
  A necrophage (D:4)
  2 scorpions
  Dowan (D:5)
  3 hounds
  An orc priest (D:4)
  Jessica (D:2)
  Natasha (thrice) (D:2)
  An orc wizard (D:4)
  A gnoll (D:3)
  4 adders
  An ufetubus (D:5)
  2 worms
  A dart slug (D:2)
  8 orcs (D:4)
  7 endoplasms
  3 giant cockroaches
  6 goblins
  7 hobgoblins
  5 jackals (D:1)
  8 quokkas
  5 ball pythons
  4 bats
  5 frilled lizards
  5 kobolds
  3 rats
90 creatures vanquished.

Notes
Turn   | Place    | Note
-------+----------+-------------------------------------------
     0 | D:1      | pokeman the Deep Elf Hedge Wizard began the quest for the
                  | Orb.
     0 | D:1      | Reached XP level 1. HP: 10/10 MP: 7/7
   343 | D:1      | Reached XP level 2. HP: 15/15 MP: 5/9
   979 | D:1      | Reached skill level 5 in Spellcasting
  1147 | D:1      | Reached XP level 3. HP: 20/20 MP: 8/11
  1151 | D:1      | Learned a level 3 spell: Mephitic Cloud
  1154 | D:1      | Learned a level 2 spell: Call Imp
  1157 | D:1      | Learned a level 2 spell: Blink
  1574 | D:2      | Noticed Jessica
  1580 | D:2      | Killed Jessica
  1581 | D:2      | Reached skill level 1 in Fighting
  1581 | D:2      | Reached skill level 1 in Armour
  1682 | D:2      | Reached XP level 4. HP: 17/25 MP: 7/13
  1980 | D:2      | Noticed Natasha
  1996 | D:2      | Killed Natasha
  2186 | D:2      | Found a faded altar of an unknown god.
  2223 | D:2      | Noticed Natasha
  2228 | D:2      | Killed Natasha
  2229 | D:2      | Reached skill level 6 in Spellcasting
  2229 | D:2      | Reached XP level 5. HP: 24/29 MP: 8/15
  2320 | D:2      | Found Etoesu Muluh's Assorted Antiques.
  2402 | D:2      | Noticed Natasha
  2410 | D:2      | Killed Natasha
  3421 | D:3      | Found a blossoming altar of Fedhas.
  3519 | D:4      | Noticed Menkaure
  3626 | D:4      | Reached XP level 6. HP: 20/34 MP: 5/17
  3763 | D:4      | Reached skill level 7 in Spellcasting
  3766 | D:4      | Reached skill level 1 in Poison Magic
  3868 | D:4      | Killed Menkaure
  3869 | D:4      | Reached skill level 1 in Air Magic
  3869 | D:4      | Reached XP level 7. HP: 31/39 MP: 7/20
  4541 | D:5      | Entered Level 5 of the Dungeon
  4864 | D:5      | Found a stormy altar of Qazlal.
  4866 | D:5      | Noticed Dowan
  4867 | D:5      | Noticed Duvessa
  4879 | D:5      | Noticed a water elemental
  4879 | D:5      | Noticed a fire elemental
  4879 | D:5      | Noticed an air elemental
  4892 | D:5      | Killed Duvessa
  4893 | D:5      | Reached skill level 8 in Spellcasting
  4903 | D:5      | Killed Dowan
  5040 | D:5      | Found a staircase to the Ecumenical Temple.
  5049 | D:5      | Slain by a gnoll sergeant

Illustrated notes

Levels and vault maps discovered:
D:1:      shiori_shiawase, layout_basic, minmay_misc_feat_tiny,
          due_unseen_surprise
D:2:      layout_rooms, serial_shops, shop_statue,
          chequers_ecumenical_altar_simple_redux, hex_large, uniq_jessica,
          uniq_natasha
D:3:      layout_loops_ring, marbit_many_paths, cheibrodos_gnoll_hut
D:4:      layout_cave_pools, corexii_checkpoint_b, uniq_menkaure
D:5:      layout_basic, lemuel_doored_altar, nicolae_qazlal_style_of_elements,
          minmay_temple_entry_statues, kennysheep_pointless_box, uniq_duvessa,
          uniq_blork_the_orc

Skill      XL: |  1  2  3  4  5  6  7 |
---------------+----------------------+-----
Spellcasting   | 5 6 7 8 |  8.5
Fighting       | 1 2 |  2.0
Armour         | 1 2 |  2.1
Conjurations   | 2 3 4 |  4.2
Stealth        | 3 |  3.0
Dodging        | 3 |  3.2
Poison Magic   | 1 |  1.0
Air Magic      | 1 |  1.2
Summonings     | 2 |  2.3
Translocations | |  1.1

Action                   |  1- 3 |  4- 6 |  7- 9 || total
-------------------------+-------+-------+-------++-------
Melee: Dagger            |    11 |    23 |       ||    34
       Spear             |       |    10 |    49 ||    59
       Punch             |       |       |     1 ||     1
 Cast: Magic Dart        |    91 |   110 |    28 ||   229
       Mephitic Cloud    |       |     5 |     8 ||    13
       Call Imp          |       |     3 |       ||     3
 Stab: Confused          |       |     2 |     4 ||     6
       Sleeping          |       |     1 |       ||     1
Armor: Robe              |     3 |     6 |     3 ||    12
Dodge: Dodged            |    18 |    30 |    29 ||    77

Table legend: (Time is in decaauts)
 A = Elapsed time spent in this place.
 B = Non-inter-level travel time spent in this place.
 C = Inter-level travel time spent in this place.
 D = Time resting spent in this place.
 E = Time spent auto-exploring this place.
 F = Levels seen in this place.
 G = Mean time per level.
                   A        B        C        D        E       F      G
               +--------+--------+--------+--------+--------+-----+--------+
         Total |   5052 |   4840 |    212 |    329 |   3881 |   5 | 1010.4 |
       Dungeon |   5052 |   4840 |    212 |    329 |   3881 |   5 | 1010.4 |
               +--------+--------+--------+--------+--------+-----+--------+

Top non-repeatable levels by time:
     D:1: 1429 daAuts
     D:3: 1145 daAuts
     D:2: 1021 daAuts
     D:4: 946 daAuts
     D:5: 510 daAuts
